cohdb
Replays
Latest Replays
All Replays
Popular Replays
Top Player Replays
Match Explorer
How It Works
Community
CoH3 Stats
Reddit
Sign in to upload your games and track your stats! →
Sign in with Steam
Match 45113567
Unlisted
Match 45113567
Overview
Messages
Build Orders
End
Selects Special Operations Battlegroup
Selects M29 Weasel Recon Vehicle
M29 Weasel Recon Vehicle
Construct Weapon Support Center
M1919 Machine Gun Team
M1919 Machine Gun Team
Mechanized Support Center
Bazooka Squad
Selects Raiding Flares
Construct Motor Pool
Raiding Flares
M8 Greyhound Armored Car
Selects SSF Commando Squad
SSF Commando Squad
Improved M9 Bazooka Rockets
Raiding Flares
SSF Commando Squad
Selects Mark Vehicle
Raiding Flares
SSF Commando Squad
Raiding Flares
Construct Tank Depot
Raiding Flares
M4A1 Sherman Medium Tank
Engineer Squad
Mark Vehicle
Raiding Flares
Improvised Armor
Designate Forward Repair Station
Mark Vehicle
Selects UNKNOWN (2162291)
Raiding Flares
M4A1 Sherman Whizbang
M4A1 76mm Conversion
Mark Vehicle
Raiding Flares
Selects Assault Operation
M4A1 Sherman Whizbang
Raiding Flares
Silverstatic
Bego
[PD]Folscher
Nico-Nico-Nii~~
0
0
Comments
sign in to comment!
No comments posted yet!